Map: Heavy Artillery LE

Players

tooooore

  • Race: Zerg Zerg
  • Spawn Location: 1:00

Xxpwnstar

  • Race: Zerg Zerg
  • League: Platinum
  • Spawn Location: 3:00

Massa - Winner!

  • Race: Terran Terran
  • League: Platinum
  • Spawn Location: 7:00

qqq - Winner!

  • Race: Zerg Zerg
  • Spawn Location: 7:00

VOD

Have the link to the VOD?

Description

Time

  • Played on: Oct. 10, 2020, 6:09 p.m.
  • Length: 15:33
Show
View Real Time Build Order
Export as new Build Order

tooooore Zerg 

Build Orders: Hatch First 

Get SALT Encoding   

  12  0:01  Drone  
  13  0:13  Overlord  
  13  0:17  Drone  
  14  0:31  Drone x2  
  14  0:35  Drone  
  17  0:53  Hatchery  
  17  0:56  Drone  
  17  0:59  Drone  
  18  1:07  Drone  
  19  1:17  Spawning Pool  
  18  1:19  Drone  
  19  1:28  Drone  
  20  1:40  Drone  
  20  1:45  Hatchery  
  20  1:50  Drone  
  21  2:01  Drone  
  22  2:04  Queen  
  22  2:06  Overlord  
  24  2:13  Queen  
  26  2:16  Drone  
  26  2:20  Extractor, Drone  
  27  2:27  Drone x2  
  29  2:34  Overlord  
  29  2:45  Zergling x2  
  30  3:00  Zergling x6  
  30  3:01  Zergling x2  
  30  3:03  Drone  
  30  3:05  Drone  
  32  3:13  Drone x2  
  34  3:23  Drone x3  
  34  3:25  Queen  
  39  3:30  Spine Crawler  
  39  3:31  Drone x2  
  39  3:32  Drone  
  41  3:37  Overlord  
  41  3:46  Drone x4  
  41  3:48  Drone  
  46  3:53  Overlord  
  46  3:54  Drone x2  
  46  3:55  Drone  
  49  3:57  Drone  
  49  4:01  Queen  
  52  4:03  Drone  
  52  4:08  Overlord  
  52  4:09  Drone  
  54  4:16  Drone x2  
  56  4:18  Drone  
  56  4:20  Metabolic Boost  
  57  4:24  Drone  
  57  4:25  Drone x3, Evolution Chamber  
  57  4:26  Drone  
  57  4:27  Drone  
  62  4:38  Hatchery, Drone x2  
  63  4:50  Drone x5  
  63  4:51  Drone  
  63  4:52  Drone x3  
  72  4:55  Extractor, Spore Crawler  
  72  4:57  Extractor  
  72  4:59  Spore Crawler  
  68  5:00  Zerg Melee Weapons Level 1  
  68  5:04  Drone  
  68  5:05  Drone x2, Extractor  
  68  5:06  Drone  
  71  5:08  Overlord  
  71  5:14  Zergling x6  
  72  5:20  Spine Crawler  
  60  5:37  Zergling x2  
  60  5:38  Zergling x20  
  59  5:46  Drone  
  59  5:49  Zergling x4  
  61  5:50  Zergling x4  
  61  5:55  Zergling x2  
  57  6:09  Zergling x8  
  56  6:18  Zergling x8  
  55  6:26  Queen x3  
  55  6:31  Zergling x6  
  64  6:39  Zergling x4  
  58  7:06  Drone x2, Hatchery  
  58  7:07  Drone x8  
  67  7:10  Queen  
  69  7:36  Overlord  
  69  7:37  Drone  
  69  7:38  Drone x4  
  74  7:44  Zerg Ground Armor Level 1  
  74  7:45  Lair  
  74  7:50  Overlord x2  
  74  8:04  Drone x4  
  74  8:05  Drone x4  
  82  8:08  Overlord  
  82  8:13  Drone x4  
  86  8:20  Evolution Chamber  
  86  8:23  Baneling Nest  
  84  8:30  Extractor  
  84  8:31  Extractor  
  84  8:33  Spine Crawler  
  81  8:34  Spine Crawler  
  81  8:35  Drone x3  
  81  8:36  Drone x4  
  81  8:37  Drone x2  
  81  8:40  Overlord x2  
  89  8:41  Drone  
  89  8:42  Drone x3  
  93  8:54  Drone x4  
  97  9:01  Zerg Melee Weapons Level 2  
  96  9:03  Zergling x2  
  96  9:04  Zergling x14  
  96  9:09  Zergling x2  
  107  9:10  Zergling x8  
  93  9:33  Queen  
  93  9:35  Queen  
  97  9:39  Drone x2, Extractor  
  97  9:40  Drone  
  99  9:45  Drone  
  99  9:46  Drone x3  
  99  9:47  Drone  
  99  9:48  Drone x3  
  99  9:52  Extractor  
  106  10:03  Overlord x2  
  106  10:07  Centrifical Hooks  
  106  10:08  Zerg Ground Armor Level 2  
  106  10:10  Hydralisk Den  
  106  10:13  Evolution Chamber  
  102  10:31  Queen x2  
  106  10:36  Spore Crawler  
  105  10:47  Spore Crawler  
  104  10:56  Overseer  
  103  11:09  Drone x3  
  103  11:10  Hydralisk  
  108  11:11  Hydralisk x8  
  108  11:12  Overlord x3  
  108  11:13  Overlord x3  
  124  11:25  Spore Crawler  
  123  11:29  Overlord x2  
  123  11:34  Hydralisk  
  123  11:35  Hydralisk x14  
  123  11:36  Hydralisk  
  155  11:51  Hydralisk  
  155  11:52  Hydralisk x11  
  179  12:04  Zergling x2  
  179  12:05  Zergling x4  
  179  12:06  Overlord  
  179  12:08  Hydralisk x4  
  190  12:16  Baneling  
  190  12:17  Baneling x17  
  190  12:18  Hydralisk  
  190  12:21  Overlord x2  
  192  12:33  Hydralisk x2  
  192  12:34  Hydralisk x2  
  200  12:37  Muscular Augments  
  200  12:38  Zerg Missile Weapons Level 1  
  154  12:58  Hydralisk  
  154  12:59  Hydralisk x16  
  154  13:00  Hydralisk  
  189  13:06  Zergling x2  
  189  13:07  Zergling x4  
  137  14:26  Zergling x6  
  137  14:27  Zergling x40  
  147  14:41  Hydralisk  
  147  14:42  Hydralisk x5  
Show
View Real Time Build Order
Export as new Build Order

Xxpwnstar Zerg 

Build Orders: Hatch First, Lurkers, Roach Hydra 

Get SALT Encoding   

  12  0:00  Drone  
  13  0:12  Overlord  
  13  0:17  Drone  
  14  0:31  Drone x2  
  16  0:51  Hatchery  
  16  0:53  Drone  
  16  0:55  Drone  
  17  0:59  Drone  
  18  1:08  Drone  
  19  1:17  Spawning Pool  
  18  1:20  Extractor, Drone  
  18  1:29  Drone  
  19  1:40  Drone  
  20  1:50  Overlord  
  20  2:04  Queen  
  22  2:11  Hatchery, Queen  
  23  2:15  Drone  
  23  2:17  Drone  
  23  2:21  Drone  
  26  2:24  Drone  
  27  2:32  Drone x2  
  27  2:35  Zergling x2  
  27  2:36  Zergling x2  
  31  2:50  Queen  
  33  2:57  Queen  
  35  3:01  Zergling x2  
  35  3:02  Overlord  
  35  3:05  Overlord  
  36  3:25  Drone x9  
  45  3:36  Drone, Roach Warren  
  45  3:37  Drone  
  46  3:41  Overlord  
  46  3:44  Drone  
  47  3:58  Drone  
  47  3:59  Drone x7  
  55  4:14  Drone x6  
  61  4:18  Extractor  
  61  4:20  Spore Crawler  
  61  4:21  Extractor  
  58  4:24  Spore Crawler  
  58  4:27  Lair  
  58  4:29  Extractor  
  56  4:33  Evolution Chamber  
  56  4:34  Drone x3  
  56  4:35  Drone x3  
  56  4:36  Drone x2  
  63  4:42  Queen  
  63  4:45  Overlord  
  65  4:49  Queen, Spore Crawler  
  65  4:52  Extractor  
  65  4:54  Drone  
  66  5:01  Zerg Missile Weapons Level 1  
  66  5:06  Drone x2  
  66  5:07  Drone, Evolution Chamber  
  69  5:08  Drone x2  
  69  5:09  Drone, Overlord  
  69  5:10  Overlord x2  
  70  5:14  Roach x3  
  70  5:18  Overlord  
  74  5:23  Spine Crawler  
  74  5:25  Spine Crawler  
  72  5:38  Roach x2  
  72  5:39  Roach x7  
  90  5:43  Roach  
  90  5:45  Roach  
  90  5:49  Roach  
  96  5:52  Roach  
  100  6:04  Roach  
  100  6:08  Roach x5  
  96  6:17  Roach  
  96  6:18  Roach x5  
  106  6:22  Overlord  
  106  6:28  Overlord  
  106  6:35  Overlord  
  106  6:36  Overlord  
  106  6:40  Queen x3  
  106  6:41  Roach  
  106  6:57  Roach  
  106  6:58  Roach x7  
  120  7:08  Zerg Ground Armor Level 1, Zerg Missile Weapons Level 2  
  120  7:12  Hydralisk Den  
  120  7:14  Drone x2  
  120  7:15  Drone x3  
  124  7:19  Extractor  
  121  7:25  Roach x3  
  121  7:29  Glial Reconstitution  
  127  7:33  Overseer x2  
  127  7:40  Roach x5  
  137  7:44  Drone  
  137  7:48  Hatchery  
  137  7:52  Grooved Spines  
  137  7:58  Overlord x4  
  137  7:59  Overlord  
  137  8:04  Drone  
  138  8:18  Hydralisk x5  
  138  8:19  Hydralisk x3  
  150  8:26  Infestation Pit  
  153  8:29  Lurker Den  
  153  8:30  Drone x5  
  157  8:44  Hydralisk  
  157  8:45  Hydralisk x3  
  157  8:47  Drone x3  
  157  8:48  Drone x2  
  170  8:50  Drone  
  171  8:59  Hydralisk x3  
  171  9:01  Hydralisk  
  179  9:03  Muscular Augments  
  179  9:09  Zerg Ground Armor Level 2  
  179  9:16  Drone, Extractor  
  179  9:17  Drone x5  
  184  9:25  Overlord x5  
  184  9:26  Overlord  
  184  9:35  Hive  
  184  9:43  Spire  
  184  9:45  Hydralisk x4  
  183  9:46  Hydralisk x2  
  195  10:06  Lurker  
  199  10:07  Lurker x3  
  199  10:09  Lurker  
  200  10:24  Spore Crawler  
  200  10:27  Spore Crawler  
  198  10:28  Spore Crawler  
  198  10:29  Hydralisk  
  198  10:30  Hydralisk  
  198  10:31  Hydralisk  
  191  10:53  Hydralisk  
  191  10:54  Hydralisk x3  
  199  11:09  Lurker  
  200  11:23  Extractor, Zerg Missile Weapons Level 3  
  179  11:26  Greater Spire  
  179  11:28  Zerg Ground Armor Level 3  
  120  11:34  Hydralisk  
  120  11:35  Hydralisk x5  
  102  11:43  Drone  
  102  11:44  Drone x2  
  102  11:46  Drone x3  
  102  11:47  Drone x3  
  104  11:52  Hydralisk  
  104  11:53  Hydralisk x6  
  117  11:58  Hydralisk  
  117  11:59  Hydralisk  
  117  12:00  Zergling x2  
  117  12:01  Zergling x24  
  131  12:07  Hatchery  
  130  12:14  Hydralisk  
  130  12:15  Hydralisk x4  
  115  12:34  Hydralisk x6  
  115  12:35  Hydralisk  
  127  12:43  Hatchery  
  123  12:45  Hydralisk  
  123  12:46  Hydralisk x2  
  128  12:52  Hydralisk x3  
  128  12:53  Zergling x2  
  128  12:54  Zergling x2  
  135  13:03  Roach x2  
  135  13:05  Hatchery  
  137  13:11  Hydralisk x3  
  143  13:19  Hydralisk x2  
  147  13:28  Corruptor x3  
  145  13:43  Corruptor  
  145  13:44  Corruptor  
  143  13:49  Zergling x2  
  143  13:50  Zergling x8  
  116  14:06  Roach x7  
  124  14:10  Hatchery  
  124  14:14  Roach  
  124  14:15  Roach x4  
  133  14:26  Hatchery  
  133  14:27  Hydralisk x5  
  138  14:32  Corruptor  
  138  14:33  Corruptor x2  
  142  14:43  Roach  
  142  14:45  Roach x3  
  137  14:51  Roach  
  137  14:52  Roach  
  107  15:00  Hydralisk x2  
Show
View Real Time Build Order
Export as new Build Order

Massa Terran - Winner!

Build Orders: Gas First Reaper Expand 

Get SALT Encoding   

  12  0:00  SCV  
  13  0:12  SCV  
  14  0:24  SCV  
  14  0:25  Supply Depot  
  15  0:29  Refinery  
  15  0:47  SCV  
  15  0:48  Barracks  
  16  0:59  SCV  
  17  1:11  SCV  
  18  1:23  SCV  
  19  1:36  Orbital Command  
  19  1:37  Reaper  
  20  1:45  Command Center  
  20  2:05  Factory  
  20  2:08  SCV  
  21  2:09  Marine  
  22  2:20  SCV  
  23  2:36  Barracks Reactor  
  23  2:41  Supply Depot  
  23  2:51  Factory Tech Lab  
  23  2:57  SCV  
  24  3:09  SCV  
  25  3:21  SCV  
  25  3:23  Orbital Command  
  26  3:29  Siege Tank  
  26  3:30  Marine x2  
  26  3:33  SCV  
  32  3:36  Command Center  
  32  3:40  Engineering Bay  
  32  3:43  Refinery  
  32  3:45  SCV  
  32  3:47  Marine  
  32  3:48  Marine  
  35  3:51  Starport  
  35  3:53  SCV  
  36  3:57  SCV  
  37  4:05  SCV, Marine x2  
  40  4:10  SCV  
  40  4:15  Widow Mine  
  42  4:17  SCV  
  42  4:22  SCV  
  42  4:23  Marine x2  
  46  4:28  Armory  
  46  4:35  Refinery  
  46  4:38  Supply Depot  
  46  4:39  Supply Depot  
  46  4:40  Supply Depot  
  46  4:42  Missile Turret  
  46  4:46  Missile Turret  
  46  4:47  SCV x2  
  46  4:48  Widow Mine  
  46  4:50  Missile Turret  
  46  4:52  Orbital Command, Missile Turret  
  50  4:59  SCV  
  51  5:04  SCV  
  52  5:09  Marine x2  
  52  5:11  SCV  
  55  5:16  SCV, Barracks  
  56  5:24  SCV  
  56  5:27  Marine x2, Siege Tank  
  62  5:32  Barracks  
  62  5:37  SCV x3  
  62  5:38  Refinery  
  65  5:49  SCV x3  
  62  6:21  Barracks Reactor, Barracks Tech Lab  
  62  6:22  Marine x2  
  64  6:39  Marine  
  64  6:40  Marine  
  60  6:57  Marine  
  60  6:58  Marine  
  60  7:00  Siege Tank  
  58  7:02  Marauder, Marine x2  
  58  7:04  Stimpack  
  58  7:06  Starport Tech Lab  
  62  7:15  Marine  
  62  7:16  Marine  
  62  7:18  Terran Infantry Armor Level 1, Orbital Command  
  62  7:19  Terran Vehicle Weapons Level 1  
  62  7:20  Marine x2  
  62  7:22  Engineering Bay  
  66  7:23  Marauder  
  66  7:27  Barracks  
  68  7:32  Siege Tank  
  68  7:33  Barracks, Marine x2  
  73  7:44  Marauder  
  73  7:45  SCV  
  73  7:48  Banshee  
  77  7:57  SCV x2  
  77  7:58  SCV  
  80  8:06  Marauder  
  80  8:09  SCV x2  
  80  8:10  SCV  
  85  8:17  Supply Depot  
  85  8:18  Supply Depot x2  
  85  8:19  Supply Depot  
  85  8:20  Barracks Tech Lab  
  85  8:21  Barracks Reactor  
  85  8:38  Banshee, Marine x2, SCV x3  
  85  8:39  Marine x3, Siege Tank  
  85  8:40  Marauder  
  101  8:42  Cloaking Field  
  101  8:43  Combat Shield  
  101  8:44  Supply Depot  
  101  8:45  Supply Depot  
  101  8:51  SCV x3  
  101  8:55  Missile Turret  
  104  8:56  Marine x2  
  104  8:57  Marine x3  
  104  9:01  Marauder  
  111  9:03  SCV x2  
  113  9:11  Marine x2  
  113  9:13  Siege Tank  
  113  9:14  Marine x2  
  113  9:15  Marine x3  
  123  9:21  Banshee  
  123  9:22  Marauder  
  128  9:26  Command Center, Concussive Shells  
  128  9:28  Marine  
  128  9:29  Marine  
  130  9:32  Marine x2  
  130  9:33  Marine  
  133  9:41  Supply Depot x2  
  133  9:43  Supply Depot x3  
  133  9:44  Supply Depot  
  133  10:02  SCV x2, Marine x4  
  133  10:03  SCV, Marauder x2, Marine x2, Siege Tank  
  133  10:04  Banshee, Supply Depot  
  133  10:05  Supply Depot  
  152  10:07  Missile Turret, Supply Depot  
  152  10:08  Supply Depot  
  152  10:15  SCV x3  
  152  10:16  Refinery  
  152  10:20  Refinery, Marine x6  
  161  10:24  Marauder  
  161  10:25  Marauder  
  161  10:27  SCV x3  
  168  10:32  Factory  
  168  10:33  Factory  
  168  10:35  Missile Turret, Siege Tank  
  171  10:38  Marine  
  172  10:46  Marauder x2  
  176  11:02  Orbital Command  
  176  11:04  SCV x3  
  173  11:07  Marauder  
  175  11:13  Siege Tank  
  175  11:16  Terran Infantry Armor Level 2, SCV x3  
  175  11:17  Terran Infantry Weapons Level 1  
  181  11:18  Terran Vehicle And Ship Armor Level 1  
  139  12:12  Medivac  
  139  12:15  Marauder x2, Marine  
  143  12:16  Marine x5  
  145  12:33  Marine x6  
  145  12:36  Marauder x2  
  155  12:42  Medivac  
  149  12:51  Marine x6  
  120  12:54  Factory Tech Lab x2  
  120  12:55  Siege Tank  
  120  12:57  Marauder  
  120  12:58  Marauder  
  113  13:03  Bunker  
  113  13:04  Bunker  
  105  13:06  Bunker  
  105  13:08  Marine  
  105  13:09  Marine x5  
  105  13:12  Medivac  
  111  13:14  Siege Tank x2  
  111  13:19  Marauder x2  
  121  13:26  Marine  
  121  13:27  Marine x5, Siege Tank  
  119  13:40  Marauder  
  119  13:41  Marauder  
  119  13:42  Medivac  
  119  13:44  Marine  
  119  13:45  Marine x3  
  119  13:46  Siege Tank x2  
  118  14:00  Siege Tank  
  118  14:01  Marauder  
  118  14:02  Marauder  
  120  14:06  SCV  
  120  14:07  SCV x3  
  124  14:12  Medivac  
  126  14:17  Marine  
  126  14:18  SCV, Marine x5  
  126  14:19  SCV x3  
  126  14:22  Siege Tank x2  
  126  14:23  Marauder x2  
  146  14:30  SCV  
  148  14:31  SCV x3  
  148  14:32  Siege Tank  
  148  14:35  Marine  
  148  14:36  Marine x5  
  159  14:43  SCV x2  
  159  14:44  Marauder  
  159  14:45  Marauder  
  162  14:53  Armory, Marine  
  162  14:54  Marine x5, Siege Tank  
  171  15:06  Marauder x2  
  175  15:11  Marine x5  
  175  15:12  Marine  
  188  15:33  Command Center  
Show
View Real Time Build Order
Export as new Build Order

qqq Zerg - Winner!

Build Orders: Hatch First, Brood Lord Corruptor, Muta Ling Bane 

Get SALT Encoding   

  12  0:01  Drone  
  13  0:08  Drone  
  14  0:34  Hatchery  
  13  0:38  Drone  
  14  0:54  Spawning Pool  
  13  1:02  Overlord  
  13  1:07  Drone  
  14  1:12  Extractor  
  14  1:13  Drone  
  14  1:20  Drone  
  15  1:31  Drone  
  16  1:42  Drone  
  16  1:44  Queen  
  19  1:47  Drone  
  20  1:56  Drone  
  20  1:57  Drone  
  22  2:09  Drone x2  
  22  2:11  Queen  
  26  2:16  Drone  
  26  2:22  Spine Crawler  
  26  2:24  Drone  
  26  2:26  Zergling x2  
  28  2:34  Overlord  
  28  2:48  Metabolic Boost  
  28  3:07  Zergling x2  
  28  3:08  Zergling x4  
  28  3:09  Drone x3  
  34  3:20  Drone, Overlord  
  34  3:21  Zergling x2  
  34  3:25  Hatchery  
  35  3:29  Zergling x2  
  35  3:33  Baneling Nest  
  35  3:34  Drone  
  36  3:39  Drone x4  
  40  3:46  Lair  
  41  3:48  Zergling x2  
  41  3:52  Overlord  
  41  3:58  Zergling x6  
  44  4:03  Overlord  
  44  4:19  Zergling x4, Overlord  
  44  4:20  Drone, Zergling x4  
  44  4:21  Drone  
  50  4:30  Zergling x2  
  51  4:31  Zergling x2  
  52  4:45  Baneling x2  
  52  4:46  Baneling x2  
  52  4:47  Zergling x2  
  52  4:48  Zergling x4  
  52  4:49  Zergling x4  
  52  4:51  Queen  
  59  4:57  Baneling x3  
  59  4:59  Zergling x2  
  60  5:00  Drone x2  
  60  5:01  Drone x2  
  64  5:10  Zergling x8  
  64  5:11  Drone x2  
  70  5:20  Zergling x2  
  70  5:21  Drone x3  
  71  5:35  Zergling x8  
  73  5:36  Drone  
  73  5:37  Drone  
  71  5:44  Baneling  
  71  5:53  Baneling x4  
  71  5:54  Zergling x4  
  60  6:13  Zergling x4  
  60  6:14  Drone x2, Zergling x6  
  60  6:15  Zergling x2  
  62  6:22  Zergling x2  
  63  6:30  Extractor, Drone  
  63  6:32  Extractor  
  62  6:40  Drone x2  
  59  7:00  Zergling x2  
  59  7:01  Zergling x10  
  61  7:02  Drone x2  
  61  7:07  Spire  
  65  7:11  Extractor  
  64  7:17  Drone  
  64  7:18  Drone x2  
  67  7:25  Zergling x12  
  67  7:27  Baneling x6  
  67  7:28  Baneling x5  
  73  7:32  Extractor  
  73  7:33  Drone x2, Extractor  
  73  7:34  Zergling x2  
  74  7:37  Hatchery  
  74  7:43  Hydralisk Den  
  74  7:44  Drone x2  
  73  7:46  Overlord  
  74  8:01  Overlord x5  
  75  8:12  Drone  
  75  8:14  Infestation Pit  
  75  8:18  Mutalisk x3  
  80  8:22  Mutalisk  
  80  8:23  Zergling x6  
  80  8:24  Drone x5  
  80  8:25  Drone x2  
  92  8:40  Centrifical Hooks  
  92  8:42  Drone  
  92  8:43  Drone x3, Mutalisk x2  
  92  8:45  Zergling x4  
  92  8:46  Zergling x6, Overlord x2  
  105  8:59  Mutalisk  
  105  9:00  Mutalisk  
  105  9:01  Mutalisk  
  111  9:08  Drone x7  
  102  9:32  Mutalisk x4  
  102  9:33  Mutalisk  
  102  9:35  Drone x6  
  118  9:42  Hive  
  118  9:45  Drone x3  
  121  9:52  Mutalisk  
  123  9:53  Zergling x10  
  123  9:54  Zergling x4  
  130  10:00  Hatchery  
  130  10:02  Hatchery  
  130  10:05  Drone  
  130  10:06  Drone x2  
  123  10:54  Drone x3  
  123  10:56  Mutalisk x4  
  123  10:57  Mutalisk  
  130  11:00  Greater Spire  
  136  11:08  Overlord x3  
  136  11:09  Overlord x5  
  136  11:13  Drone x2  
  110  11:38  Corruptor  
  110  11:39  Corruptor x8  
  116  11:40  Corruptor  
  116  11:41  Drone x5  
  116  11:42  Drone x3  
  116  11:46  Corruptor x2  
  138  11:51  Muscular Augments  
  136  12:04  Pneumatized Carapace  
  136  12:13  Zergling x6  
  136  12:15  Brood Lord x2  
  143  12:20  Extractor  
  143  12:21  Extractor  
  141  12:27  Brood Lord  
  143  12:31  Zerg Flyer Weapons Level 1  
  143  12:39  Drone x5  
  143  12:40  Drone, Hatchery  
  143  12:44  Brood Lord  
  150  12:53  Brood Lord  
  150  12:54  Brood Lord  
  154  12:59  Brood Lord  
  156  13:08  Brood Lord  
  156  13:10  Zergling x14  
  156  13:11  Zergling x12  
  156  13:12  Drone x4  
  175  13:13  Drone x2  
  175  13:14  Brood Lord  
  175  13:17  Hatchery  
  178  13:26  Brood Lord  
  167  13:35  Brood Lord x2  
  153  13:50  Corruptor  
  153  13:51  Zergling x2, Corruptor x2  
  153  13:52  Zergling x16  
  153  13:53  Zergling x6  
  153  13:54  Zergling x8  
  153  13:55  Zergling x2  
  167  14:11  Corruptor x4  
  167  14:13  Drone, Zergling x4  
  178  14:18  Zergling x8  
  178  14:19  Zergling x4  
  178  14:22  Corruptor  
  179  14:33  Corruptor x2  
  179  14:34  Corruptor x2  
  174  14:45  Corruptor x3  
  171  14:47  Zergling x6  
  171  14:48  Zergling x6  
  168  15:09  Zergling x10  
  168  15:10  Zergling x10  
Tags
 
Add a new tag
Caveats
  • Supply blocks, unpowered buildings, or Contaminate may cause inaccurate times.
  • Supply counts are checked every 10 seconds.